 Dungeon Crawl Stone Soup version 0.31-a0-1267-gfedaa18580 (webtiles) character file.

Game seed: 2552033413565246859

37 drugrobin the Sneak (level 3, 0/30 HPs)
             Began as a Demigod Delver on Dec 17, 2023.
             Slain by Terence
             ... wielding a +0 mace
              (5 damage)
             ... on level 2 of the Dungeon.
             The game lasted 00:04:54 (1379 turns).

drugrobin the Sneak (Demigod Delver)                Turns: 1379, Time: 00:04:55

Health: 0/30       AC:  3    Str: 17    XL:     3   Next: 7%
Magic:  5/5        EV: 12    Int: 12    God:
Gold:   58         SH:  0    Dex: 15    Spells: 2/2 levels left

rFire   . . .        a - +0 mace
rCold   . . .        (no shield)
rNeg    . . .        h - +0 leather armour
rPois   .            (no helmet)
rElec   .            (no cloak)
rCorr   .            (no gloves)
SInv    .            (no boots)
Will    .....        (no amulet)
Stlth   +++          (no ring)
HPRegen 0.25/turn    (no ring)
MPRegen 0.09/turn

%: no passive effects
@: no status effects
A: high MP 1, forlorn, divine attributes
a: no special abilities


You were on level 2 of the Dungeon.
You visited 1 branch of the dungeon, and saw 5 of its levels.

You collected 58 gold pieces.

Inventory:

Hand Weapons
 a - a +0 mace (weapon)
 b - a +0 sling
Armour
 h - a +0 leather armour (worn)
Talismans
 m - a beast talisman
Wands
 g - a wand of digging (3)
Scrolls
 c - a scroll of fog
 d - a scroll of enchant weapon {unknown}
 e - a scroll of immolation {unknown}
 j - a scroll of amnesia {unknown}
 n - a scroll of identify {unknown}
Potions
 f - a potion of haste
 i - a potion of berserk rage {unknown}
 k - a potion of attraction {unknown}
 l - a potion of mutation {unknown}


   Skills:
 - Level 2.6 Fighting
 + Level 3.3 Maces & Flails
 - Level 1.7 Dodging
 - Level 4.5 Stealth


You had 2 spell levels left.
You didn't know any spells.
Your spell library contained the following spells:

 Spells                   Type           Power      Damage    Failure   Level
 Animate Dead             Necr           0%         N/A       99%         4
 Haunt                    Necr/Summ      0%         N/A       100%        7
 Infestation              Necr           0%         N/A       100%        8


Dungeon Overview and Level Annotations

Branches:
Dungeon (5/15)
 Temple: D:4-7

Annotations:
D:2 exclusion: adder, Terence
D:4 Grinder


Innate Abilities, Weirdness & Mutations

You have an increased reservoir of magic. (+10% MP)
You shall have no god before yourself.
Your divine heritage dramatically boosts your attributes as you level up.


Message History

Could not explore, unopened door.
You open the door.
There is an open door here.
Found 4 stones.
Done exploring.
Done exploring.
Unknown command.
Done exploring.
There is a stone staircase leading down here.
You climb downwards.
Level annotation: exclusion: adder, Terence Terence hits you with a +0 mace.
There is a stone staircase leading up here.
Terence is nearby!
Terence is nearby!
Unknown command.
Unknown command.
You hit Terence but do no damage. Terence closely misses you.
You hit Terence.
Terence is lightly wounded.
Terence hits you with a +0 mace.
You hit Terence but do no damage.
Terence is lightly wounded.
Terence closely misses you. x2
You hit Terence but do no damage.
Terence is lightly wounded.
Terence hits you with a +0 mace!
You hit Terence.
Terence is moderately wounded.
Terence barely misses you.
You sock Terence!
Terence is severely wounded.
Terence hits you with a +0 mace!
You hit Terence but do no damage.
Terence is severely wounded.
Terence hits you with a +0 mace.
* * * LOW HITPOINT WARNING * * *
Terence hits you with a +0 mace.
You die...
Terence says, "Time to find some more victims."

,,*,* **,#.####...#
*,*
,,>,*****,**#.......#
*,******
,,,,,,,,,,,#.####.#.#
*,,,,,,*
,**,*******,** #.#.#
******,* ,,*,* ***
#.#.# *,* ,,*,* #.#.#
*,* ,,*,** ##.#.# *,*
,,,,,****#######....#
*,*
,,,,,,,,,......@@...#
*,*
,,,,,****#######...##
*,* ,,*,******* ##.##
*,*
,,*,,,,,,,******#.#
*,*
,,*******,,,,,,,..#
********,* ***
********###
*<,,,,,,,* *,********
********* *,*
*,,,,,,,* *,*


You could see Terence.

Vanquished Creatures
  2 ball pythons (D:1)
  An endoplasm (D:4)
  3 giant cockroaches
  3 goblins (D:1)
  6 hobgoblins
  4 jackals (D:1)
  3 bats (D:1)
  2 frilled lizards (D:1)
  A kobold (D:1)
  9 rats
34 creatures vanquished.

Notes
Turn   | Place    | Note
-------+----------+-------------------------------------------
     0 | D:5      | drugrobin the Demigod Delver began the quest for the Orb.
     0 | D:5      | Reached XP level 1. HP: 18/18 MP: 3/3
    48 | D:4      | Noticed Grinder
   103 | D:5      | Noticed an ogre
   143 | D:4      | Noticed an iguana
   278 | D:2      | Noticed Terence
   584 | D:1      | Reached XP level 2. HP: 24/25 MP: 4/4
  1114 | D:1      | Reached XP level 3. HP: 30/30 MP: 5/5
  1379 | D:2      | Slain by Terence

Illustrated notes

Levels and vault maps discovered:
D:1:      dpeg_arrival_ratfight, layout_basic, corexii_hall_statues_s
D:2:      layout_loops_ring, basic_altar, minmay_pentomino_q4,
          uniq_crazy_yiuf_cottage, uniq_sigmund, uniq_terence
D:3:      layout_loops_ring, mainiacjoe_overflow_chevrons,
          wander_ebering_terrifying_dragon_lair
D:4:      layout_rooms, nicolae_yredelemnul_ghost_church, uniq_grinder
D:5:      minmay_chambers_of_fours, layout_rooms,
          gammafunk_temple_overflow_elements, uniq_edmund

Skill      XL: |  1  2 |
---------------+-------+-----
Maces & Flails | 2 3 |  3.3
Fighting       | |  2.6
Dodging        | |  1.7
Stealth        | |  4.5

Action                     || total
---------------------------++-------
  Melee: Mace              ||   107
   Fire: Sling             ||     2
    Use: Scroll            ||     2
   Stab: Sleeping          ||     6
 Armour: Leather armour    ||    70
  Dodge: Dodged            ||    80

Table legend: (Time is in decaauts)
 A = Elapsed time spent in this place.
 B = Non-inter-level travel time spent in this place.
 C = Inter-level travel time spent in this place.
 D = Time resting spent in this place.
 E = Time spent auto-exploring this place.
 F = Levels seen in this place.
 G = Mean time per level.
                   A        B        C        D        E       F      G
               +--------+--------+--------+--------+--------+-----+--------+
         Total |   1406 |   1376 |     30 |      8 |    749 |   5 |  281.2 |
       Dungeon |   1406 |   1376 |     30 |      8 |    749 |   5 |  281.2 |
               +--------+--------+--------+--------+--------+-----+--------+

Top non-repeatable levels by time:
     D:1: 897 daAuts
     D:2: 288 daAuts
     D:4: 107 daAuts
     D:3: 64 daAuts
     D:5: 49 daAuts
